[Event "4NCL Div 1 2024-25"]
[Site "England"]
[Date "2024.11.23"]
[Round "1.38"]
[White "Li, Harry"]
[Black "Ledger, Dave J"]
[Result "1/2-1/2"]
[Annotator "RC"]
[ECO "C78"]
[WhiteElo "2203"]
[BlackElo "2191"]
[PlyCount "130"]
[EventDate "2024.11.23"]
[EventType "team-tourn"]
[EventCountry "ENG"]
[SourceTitle "playchess.com"]
[Source "ChessBase"]
[SourceQuality "1"]
[TimeControl "40/6000+30:3000+30"]

1. e4 e5 2. Nf3 Nc6 3. Bb5 a6 4. Ba4 Nf6 5. O-O b5 6. Bb3 Bc5 7. a4 Rb8 8. c3 d6 9. d4 Bb6 10. a5 Ba7 11. h3 O-O 12. Be3 Nxe4 13. Bd5 exd4 14. cxd4 Qe8 15. Qc2 Nb4 16. Qxe4 Qxe4 17. Bxe4 d5 18. Bxh7+ Kxh7 19. Rc1 Rb7 20. Ra3 Bf5 21. g4 Be4 22. Nbd2 Nd3 23. Nxe4 dxe4 24. Ng5+ Kg8 25. Rb1 Re8 26. Nxe4 Nb4 27. Nc5 Bxc5 28. dxc5 c6 29. Bd2 Nd5 30. b4 Re2 31. Rd3 Rbe7 32. Kf1 Kf8 33. h4 f6 34. h5 R2e4 35. f3 Rc4 36. Kf2 Kf7 37. Kg3 Re2 38. Re1 Rxe1 39. Bxe1 Rc1 40. Kf2 Rb1 41. Rd4 Rb3 42. Bd2 Rb2 43. Ke2 Ke6 44. f4 Rb3 45. Kf2 Kf7 46. Kg2 Rb1 47. Kf3 Rg1 48. f5 Rh1 49. Re4 Rh3+ 50. Ke2 Rh2+ 51. Kd3 Rh3+ 52. Kc2 Rh4 53. Rd4 Ke8 54. Kd3 Kf7 55. Ke2 Ke8 56. Be1 Rh3 57. Re4+ Kd7 58. Bd2 Rh2+ 59. Kd3 Rh3+ 60. Kc2 Rh4 61. Bc1 Rh2+ 62. Bd2 Rh4 63. Kd1 Rh1+ 64. Kc2 Rh4 65. Kd1 Rh1+ 1/2-1/2

[Event "4NCL Div 1 2024-25"]
[Site "England"]
[Date "2024.11.23"]
[Round "1.39"]
[White "Duncan, Chris R"]
[Black "Carroll, Thomas"]
[Result "1-0"]
[Annotator "RC"]
[ECO "D15"]
[WhiteElo "2167"]
[BlackElo "2126"]
[PlyCount "111"]
[EventDate "2024.11.23"]
[EventType "team-tourn"]
[EventCountry "ENG"]
[SourceTitle "playchess.com"]
[Source "ChessBase"]
[SourceQuality "1"]
[TimeControl "40/6000+30:3000+30"]

1. Nf3 d5 2. d4 Nf6 3. c4 c6 4. Nc3 a6 5. g3 dxc4 6. Bg2 c5 7. O-O cxd4 8. Nxd4 e5 9. Nc2 Qxd1 10. Rxd1 Nc6 11. Bg5 Be7 12. Ne3 Be6 13. Bxf6 gxf6 14. Ncd5 Bxd5 15. Nxd5 Rc8 16. Nb6 Rc7 17. Rac1 Nd4 18. Kf1 Bd8 19. e3 Ne6 20. Rxc4 O-O 21. Rxc7 Bxc7 22. Nd7 Rd8 23. Nxf6+ Kh8 24. Rxd8+ Nxd8 25. Ke2 Bd6 26. Kd3 Be7 27. Nd7 f6 28. Kc4 b5+ 29. Kd5 Kg7 30. Bf1 Bb4 31. Nc5 a5 32. Bxb5 Nf7 33. a3 Bd2 34. h4 f5 35. e4 fxe4 36. Nxe4 Bc1 37. b4 axb4 38. axb4 Ba3 39. Kc4 Kf8 40. Kb3 Bc1 41. Bc4 Nd8 42. Bd5 Ke7 43. b5 h6 44. Kc4 Kd7 45. b6 Nc6 46. Nf6+ Kd6 47. Ne4+ Kd7 48. b7 Nb8 49. Kd3 Na6 50. Nf6+ Kd6 51. Ke4 Bd2 52. Ng4 Be1 53. Nxh6 Bxf2 54. Nf5+ Kc7 55. h5 Nc5+ 56. Kxe5 1-0

[Event "4NCL Div 1 2024-25"]
[Site "England"]
[Date "2024.11.23"]
[Round "1.40"]
[White "Wall, Tim P"]
[Black "Varney, Zoe"]
[Result "1-0"]
[Annotator "RC"]
[ECO "B13"]
[WhiteElo "2168"]
[BlackElo "1996"]
[PlyCount "101"]
[EventDate "2024.11.23"]
[EventType "team-tourn"]
[EventCountry "ENG"]
[SourceTitle "playchess.com"]
[Source "ChessBase"]
[SourceQuality "1"]
[TimeControl "40/6000+30:3000+30"]

1. d4 d5 2. Nc3 Nf6 3. Bf4 c5 4. e3 cxd4 5. exd4 a6 6. Nf3 Nc6 7. Ne5 Bd7 8. g3 e6 9. Bg2 Qb6 10. Nxc6 Bxc6 11. Rb1 Be7 12. O-O O-O 13. Re1 Rac8 14. a3 Rfd8 15. h4 Qa7 16. Ne2 Ba4 17. Nc3 Be8 18. Na2 b5 19. c3 Bc6 20. Nb4 a5 21. Nxc6 Rxc6 22. Bf1 Qb6 23. Bd3 Rdc8 24. Ra1 b4 25. cxb4 axb4 26. a4 Kf8 27. Be3 Qa5 28. Re2 h6 29. Bb5 Rb6 30. Rc1 Qa8 31. Rec2 Rxc2 32. Qxc2 Bd6 33. Qe2 Ke7 34. Ra1 Qb8 35. Bd3 Rc6 36. Kg2 Bc7 37. a5 Ne8 38. Bb5 Rd6 39. a6 Qa7 40. Bxe8 Kxe8 41. Bf4 Rd8 42. Qb5+ Ke7 43. Qxb4+ Bd6 44. Bxd6+ Rxd6 45. Ra4 f6 46. Ra5 g5 47. h5 f5 48. Ra3 g4 49. Ra4 Kd7 50. Qc5 Qa8 51. a7 1-0

[Event "4NCL Div 1 2024-25"]
[Site "England"]
[Date "2024.11.23"]
[Round "1.41"]
[White "Parker, Jonathan F"]
[Black "Olson, Hamish"]
[Result "1-0"]
[Annotator "RC"]
[ECO "D60"]
[WhiteElo "2523"]
[BlackElo "2374"]
[PlyCount "139"]
[EventDate "2024.11.23"]
[EventType "team-tourn"]
[EventCountry "ENG"]
[SourceTitle "playchess.com"]
[Source "ChessBase"]
[SourceQuality "1"]
[TimeControl "40/6000+30:3000+30"]

1. d4 d5 2. c4 e6 3. Nf3 Nf6 4. Nc3 Nbd7 5. Bg5 h6 6. Bh4 Be7 7. e3 O-O 8. Bd3 c5 9. cxd5 Nxd5 10. Bxe7 Qxe7 11. Nxd5 exd5 12. dxc5 Nxc5 13. O-O Qf6 14. Nd4 Ne6 15. Qf3 Qxf3 16. Nxf3 Bd7 17. Rfd1 Rfd8 18. Bc2 Bc6 19. Bb3 a5 20. a3 a4 21. Ba2 Ra5 22. Rac1 Rc5 23. Rxc5 Nxc5 24. Nd4 Ne6 25. Ne2 Rd7 26. Nc3 Nc7 27. f3 Kf8 28. Kf2 h5 29. h4 Ke7 30. Rd4 b5 31. Rd2 Rd8 32. Ke1 b4 33. axb4 Rb8 34. b5 Bxb5 35. Bxd5 Be8 36. e4 g6 37. Ba2 Ra8 38. Rc2 a3 39. bxa3 Rxa3 40. Kd2 Ra7 41. Bc4 f6 42. Ne2 Rb7 43. Ke3 Bf7 44. Bd3 Ne6 45. Nc3 Nc5 46. Bb5 Bb3 47. Rc1 Bf7 48. Ra1 Nd7 49. Bxd7 Rxd7 50. Ne2 Kf8 51. Rc1 Rb7 52. Rc2 Ra7 53. Nf4 Rb7 54. Nd3 Ra7 55. Kf4 Ra5 56. Rc6 Kg7 57. Nc5 Ra2 58. Kg3 Ra7 59. Rc8 Re7 60. Kf4 Ra7 61. Rb8 Rc7 62. Rb5 Rc6 63. Ke3 Rc8 64. Ra5 Rc6 65. Rb5 Rc8 66. Kd4 Rd8+ 67. Kc3 Rc8 68. Ra5 Rd8 69. Ra7 g5 70. Ne6+ 1-0

[Event "4NCL Div 1 2024-25"]
[Site "England"]
[Date "2024.11.23"]
[Round "1.42"]
[White "Waldhausen Gordon, Frederick"]
[Black "Merry, Alan B"]
[Result "0-1"]
[Annotator "TA"]
[ECO "D24"]
[WhiteElo "2361"]
[BlackElo "2417"]
[PlyCount "84"]
[EventDate "2024.11.23"]
[EventType "team-tourn"]
[EventCountry "ENG"]
[SourceTitle "playchess.com"]
[Source "ChessBase"]
[SourceQuality "1"]
[TimeControl "40/6000+30:3000+30"]

1. d4 Nf6 2. c4 e6 3. Nf3 d5 4. Nc3 dxc4 5. e4 b5 6. e5 Nd5 7. Nxb5 Nb6 8. Be2 Nc6 9. O-O Be7 10. Be3 O-O 11. Qc1 Rb8 12. Nc3 Nb4 13. Rd1 Ba6 14. a3 N4d5 15. b3 Qc8 16. Nxd5 exd5 17. bxc4 Bxc4 18. Bxc4 Nxc4 19. Bg5 Bxg5 20. Qxg5 Rb2 21. Nh4 h6 22. Qh5 Qe6 23. f4 Qb6 24. f5 $2 {[%emt 0:30:09][%mdl 8192] [#]} (24. Nf5 $11 {and White stays safe.}) 24... Ne3 $1 $19 (24... Nxe5 25. f6 Re8 26. fxg7 $17) 25. f6 Nxd1 26. Qg4 $2 (26. Rxd1 Rb1 (26... gxf6 $2 27. Nf5 $18) 27. Nf5 Rxd1+ (27... gxf6 28. Qg4+ Kh8 29. Qg7#) 28. Qxd1) 26... g5 27. Rxd1 Rb1 28. Nf5 Rb8 29. Nxh6+ (29. h4 $142 Rxd1+ 30. Qxd1) 29... Kf8 $19 30. h3 Rxd1+ 31. Qxd1 Qb1 32. Qxb1 Rxb1+ 33. Kf2 Ra1 34. Nf5 Rxa3 35. Ne7 a5 36. Nxd5 a4 37. Nxc7 Rb3 (37... Rc3 $142 38. Nd5 Rb3 (38... Rd3 $2 39. Ke2 $19)) 38. d5 a3 39. e6 fxe6 40. dxe6 Rb8 41. Na6 Ra8 (41... Rc8 $142 42. Nb4 Rc4 43. Nd3 a2 44. Ne5 Rf4+ (44... a1=B $2 {loses.} 45. Nd7+ Ke8 46. f7+ Ke7 47. f8=Q+ $18) (44... a1=Q $2 45. Ng6+ Kg8 46. f7+ Kh7 47. f8=Q $19) 45. Kg3 a1=Q (45... a1=B 46. Ng6+ Ke8 47. Nxf4 $11) 46. Ng6+ Kg8 (46... Ke8 $2 47. Nxf4 Qe5 48. f7+ Ke7 49. Kf3 $19) 47. Nxf4 Qe5 (47... gxf4+ $2 48. Kxf4 Qxf6+ 49. Kg3 $19) 48. f7+ Kf8 49. e7+ Kxf7 (49... Kxe7 {leads to mate.} 50. Kf3 gxf4 51. f8=R Kxf8 52. Kg4 Ke7 53. h4 Ke6 54. Kh3 Qe2 55. Kh2 Kf5 56. Kh1 Kg4 57. Kh2 f3 58. Kh1 Qxg2#) 50. e8=B+ Kxe8 51. Kf3 gxf4 (51... Qxf4+ 52. Ke2 Ke7 53. Kd3 Qg3+ 54. Ke4 Qxg2+ 55. Ke3 Qxh3+ 56. Kd4 g4 57. Ke4 g3 58. Kf3 g2+ 59. Kf2 Kf7 60. Ke2 g1=Q 61. Kd2 Qgg2+ 62. Ke1 Qhh1#) 52. h4 Ke7 (52... Qe3+ 53. Kg4 Qe4 54. h5 f3+ 55. Kg3 fxg2 56. Kf2 Qg4 57. Kg1 Kf7 58. h6 Kg8 59. h7+ Kxh7 60. Kh2 g1=Q#) 53. Kf2 Qe3+ 54. Kf1 Kf6 55. h5 Kg5 56. h6 Kg4 (56... Kxh6 57. g4 f3 58. g5+ Kg7 59. g6 Qe2+ 60. Kg1 Qg2#) 57. h7 Kg3 58. h8=Q Qf2#) 42. Nc7 a2 0-1

[Event "4NCL Div 1 2024-25"]
[Site "England"]
[Date "2024.11.23"]
[Round "1.43"]
[White "Taylor, Martin R"]
[Black "Gourlay, Iain"]
[Result "1/2-1/2"]
[Annotator "TA"]
[ECO "A13"]
[WhiteElo "2353"]
[BlackElo "2303"]
[PlyCount "76"]
[EventDate "2024.11.23"]
[EventType "team-tourn"]
[EventCountry "ENG"]
[SourceTitle "playchess.com"]
[Source "ChessBase"]
[SourceQuality "1"]
[TimeControl "40/6000+30:3000+30"]

1. c4 e6 2. g3 d5 3. Bg2 Nf6 4. Nf3 Bd6 5. O-O O-O 6. Qc2 Nc6 7. d4 dxc4 8. Qxc4 e5 9. Nc3 exd4 10. Nxd4 Nxd4 11. Qxd4 Qe7 12. Bf4 Bxf4 13. Qxf4 c6 14. Rad1 Be6 15. e4 Rfd8 16. e5 Nd7 17. Rd6 f6 18. exf6 Nxf6 19. Rxd8+ Rxd8 20. Qe3 a6 21. Re1 (21. Bh3 $5 Re8 22. Re1 $11) 21... Re8 {[%emt 0:01:38] [#]} 22. Bh3 $1 Kf7 23. Qb6 Qd7 24. Rd1 Qc8 25. Bxe6+ Kxe6 26. Na4 {[%emt 0:02:22] And now Nc5+ would win.} (26. Qb3+ Ke7 27. Re1+ Kd8 28. Rxe8+ Nxe8 29. Ne4) 26... Kf7 27. Qb3+ Kf8 (27... Kg6 {is interesting.} 28. Nc5 Re7 29. Rd6 Qf5) 28. Nc5 Re7 29. Kg2 Nd5 30. h3 Rf7 31. Qd3 Kg8 32. Re1 Qf8 33. Qd4 Re7 34. Rxe7 Qxe7 35. a3 a5 36. h4 h6 37. Kf1 b6 38. Nd3 Qe6 1/2-1/2

[Event "4NCL Div 1 2024-25"]
[Site "England"]
[Date "2024.11.23"]
[Round "1.44"]
[White "Berry, Neil"]
[Black "Rogers, Jonathan W"]
[Result "0-1"]
[Annotator "TA"]
[ECO "D08"]
[WhiteElo "2248"]
[BlackElo "2331"]
[PlyCount "70"]
[EventDate "2024.11.23"]
[EventType "team-tourn"]
[EventCountry "ENG"]
[SourceTitle "playchess.com"]
[Source "ChessBase"]
[SourceQuality "1"]
[TimeControl "40/6000+30:3000+30"]

1. d4 d5 2. c4 e5 3. dxe5 Ne7 4. Nf3 Nbc6 5. e3 Bg4 6. Be2 dxc4 7. Qa4 Ng6 8. Nbd2 Bb4 9. a3 (9. O-O $5) 9... Bxd2+ 10. Bxd2 Bxf3 11. gxf3 {[%emt 0:08:23] and f4 should not be overlooked} Ngxe5 12. Bc3 Qd5 13. Rd1 Nd3+ 14. Bxd3 cxd3 15. Qg4 (15. Qe4+ $11 Qxe4 16. fxe4) 15... Ne7 (15... f5 $1 $17 16. Qh5+ g6) 16. e4 Qc4 17. O-O (17. Bxg7 $2 Rg8 18. O-O Qe6 $19) (17. Qxg7 O-O-O $17) 17... h5 18. Qg5 Rh6 19. Kh1 $1 Rg6 20. Qe3 {[%emt 0:00:37] [#]} (20. Qe5 $11) 20... Rd8 ({Black should play} 20... O-O-O $1 $17 21. Rd2 f5) 21. Rd2 $15 Qe6 (21... h4 $15) 22. Rxd3 Qh3 23. Rxd8+ Kxd8 24. Rg1 Rxg1+ 25. Kxg1 $11 {[%emt 0:00:06][%mdl 4096] Endgame KQB-KQN} Ng6 26. Bxg7 Kc8 {[%emt 0:00:40] ( -> ...Nh4)} 27. Bf6 $1 (27. Qxa7 $2 Nh4 28. Qa8+ Kd7 29. Qa4+ c6 30. Qd1+ Ke8 $19) 27... b6 28. b4 Qe6 {[%emt 0:00:18] [#]} (28... a6 $11) 29. Qd4 (29. Qc3 $1 $16) 29... Nf4 (29... Qb3 $11 {remains equal.} 30. Qe3 Qd1+ 31. Kg2 Qd6) 30. Qe5 Ne2+ 31. Kf1 Qc4 {[%emt 0:00:13] ( -> ...Nf4+)} 32. Kg2 (32. Qxh5 $2 {is a self mate.} Nf4+ 33. Kg1 Qc1#) ({White should try} 32. Qf5+ Kb7 33. Kg2 (33. Qxh5 $2 Nf4+ 34. Kg1 Qc1#)) 32... Qc1 $16 {[%emt 0:01:19] ...Qg1+ would now be deadly.} 33. Bg5 $2 (33. Qxh5 $2 {loses.} Nf4+ (33... Qxa3 34. Qxf7 Nf4+ 35. Kg3 $16) 34. Kg3 Nxh5+ $19) (33. Qf5+ $16 Kb7 (33... Kb8 34. Be5 $18) 34. Qd5+ (34. Qxh5 $2 Nf4+ 35. Kg3 Nxh5+ $19) 34... Kb8 35. Qd8+ (35. Qxh5 $2 Nf4+ 36. Kg3 Nxh5+ $19) (35. Qxf7 Qg1+ 36. Kh3 Qxf2 $11) 35... Kb7 36. Qd5+) 33... Qg1+ 34. Kh3 Qxf2 35. Qf5+ Kb8 0-1

[Event "4NCL Div 1 2024-25"]
[Site "England"]
[Date "2024.11.23"]
[Round "1.45"]
[White "Sowray, Peter J"]
[Black "Vijayakumar, Rishi"]
[Result "0-1"]
[Annotator "RC"]
[ECO "C77"]
[WhiteElo "2205"]
[BlackElo "2172"]
[PlyCount "88"]
[EventDate "2024.11.23"]
[EventType "team-tourn"]
[EventCountry "ENG"]
[SourceTitle "playchess.com"]
[Source "ChessBase"]
[SourceQuality "1"]
[TimeControl "40/6000+30:3000+30"]

1. e4 e5 2. Nf3 Nc6 3. Bb5 a6 4. Ba4 Nf6 5. d3 b5 6. Bb3 Bc5 7. Nc3 d6 8. Nd5 h6 9. c3 Be6 10. Nxf6+ Qxf6 11. Bxe6 Qxe6 12. O-O Bb6 13. d4 Qg6 14. Re1 O-O 15. a4 exd4 16. cxd4 Rae8 17. axb5 axb5 18. d5 Ne5 19. Nxe5 Rxe5 20. Qd3 f5 21. Be3 Bxe3 22. fxe3 fxe4 23. Qxb5 Qf7 24. Rf1 Rxd5 25. Rxf7 Rxb5 26. Rxc7 Rxb2 27. Rf1 Ra8 28. g3 Raa2 29. Rff7 Rb1+ 30. Rf1 Rxf1+ 31. Kxf1 Rxh2 32. Rd7 Rd2 33. Re7 d5 34. Rd7 Kh7 35. Rd6 h5 36. Ra6 g6 37. Rb6 Kh6 38. Rd6 Kg5 39. Ke1 Rd3 40. Ke2 Kf5 41. Kf2 g5 42. Ke2 Kg4 43. Rg6 d4 44. exd4 Rxd4 0-1

[Event "4NCL Div 1 2024-25"]
[Site "England"]
[Date "2024.11.23"]
[Round "1.46"]
[White "Shafi, Declan"]
[Black "Zhao, George"]
[Result "1-0"]
[Annotator "RC"]
[ECO "C09"]
[WhiteElo "2181"]
[BlackElo "2233"]
[PlyCount "147"]
[EventDate "2024.11.23"]
[EventType "team-tourn"]
[EventCountry "ENG"]
[SourceTitle "playchess.com"]
[Source "ChessBase"]
[SourceQuality "1"]
[TimeControl "40/6000+30:3000+30"]

1. e4 e6 2. d4 d5 3. Nd2 c5 4. Ngf3 Nc6 5. exd5 exd5 6. Bb5 cxd4 7. Nxd4 Bd7 8. N2f3 Bd6 9. O-O Nge7 10. c3 O-O 11. Bd3 Nxd4 12. Nxd4 Ng6 13. Qh5 Qc7 14. g3 Be5 15. Nf3 f6 16. Nh4 f5 17. Nxf5 Rf6 18. Nh4 Nf8 19. Bg5 Rf7 20. Be3 Re8 21. Rfe1 g6 22. Qd1 b6 23. Qd2 Bf6 24. Ng2 Qc6 25. Nf4 Bc8 26. Bf1 Rd8 27. Bg2 Bb7 28. Rad1 Rfd7 29. Bd4 Bxd4 30. Qxd4 g5 31. Nd3 Qd6 32. Qg4 Rg7 33. Nb4 Qc5 34. Qd4 Rgd7 35. Re5 h6 36. Bxd5+ Bxd5 37. Rxd5 Rxd5 38. Nxd5 Qxd4 39. Rxd4 Kf7 40. c4 Ne6 41. Rd3 g4 42. f3 b5 43. cxb5 Nc5 44. Rd1 gxf3 45. Kf2 Rb8 46. Nc3 a6 47. Kxf3 axb5 48. Rd5 Ne6 49. Ne4 b4 50. Rd7+ Kg6 51. h4 h5 52. Rd6 Kf7 53. Ng5+ Nxg5+ 54. hxg5 Ra8 55. Rb6 Rxa2 56. Rxb4 Ra1 57. Rb6 Rf1+ 58. Kg2 Rb1 59. b4 Kg7 60. b5 Kf7 61. Rb8 Kg7 62. b6 Rb3 63. Kh3 Rb2 64. g4 hxg4+ 65. Kxg4 Rb5 66. Kh5 Rc5 67. Rb7+ Kg8 68. Rc7 Rb5 69. b7 Rb6 70. Rc8+ Kh7 71. b8=Q Rh6+ 72. Kg4 Rg6 73. Rh8+ Kg7 74. Qg8# 1-0

[Event "4NCL Div 1 2024-25"]
[Site "England"]
[Date "2024.11.23"]
[Round "1.47"]
[White "Hng, Mei-En Emmanuelle"]
[Black "Swanson, Stephen"]
[Result "0-1"]
[Annotator "RC"]
[ECO "B06"]
[WhiteElo "2135"]
[BlackElo "2143"]
[PlyCount "88"]
[EventDate "2024.11.23"]
[EventType "team-tourn"]
[EventCountry "ENG"]
[SourceTitle "playchess.com"]
[Source "ChessBase"]
[SourceQuality "1"]
[TimeControl "40/6000+30:3000+30"]

1. e4 d6 2. d4 g6 3. Bd3 Bg7 4. Nf3 e5 5. c3 Nc6 6. Bg5 f6 7. Be3 Nh6 8. h3 Nf7 9. O-O O-O 10. Bc4 Qe7 11. Nbd2 Kh8 12. Re1 Ncd8 13. b4 b6 14. a4 a5 15. bxa5 Rxa5 16. Nb3 exd4 17. cxd4 Rh5 18. Bd2 Ng5 19. Nxg5 fxg5 20. Bf1 Ne6 21. Be3 Nf4 22. f3 Be6 23. a5 bxa5 24. Rxa5 Qf7 25. d5 Bxh3 26. gxh3 Nxh3+ 27. Bxh3 Rxh3 28. Nd4 g4 29. Ra2 gxf3 30. Ne6 Qe7 31. Bg5 Rg3+ 32. Kf1 Rxg5 33. Nxf8 Qxf8 34. Re3 Rg3 35. Raa3 Qc8 36. Rxf3 Qh3+ 37. Ke2 Qg2+ 38. Ke1 Qh1+ 39. Ke2 Rg2+ 40. Rf2 Rxf2+ 41. Kxf2 Qxd1 42. Ra8+ Bf8 43. Rxf8+ Kg7 44. Rc8 Qc1 0-1

[Event "4NCL Div 1 2024-25"]
[Site "England"]
[Date "2024.11.23"]
[Round "1.48"]
[White "Lampard, Alice"]
[Black "Brett, Andrew R"]
[Result "0-1"]
[Annotator "NA RC"]
[ECO "E51"]
[WhiteElo "1891"]
[BlackElo "2069"]
[PlyCount "140"]
[EventDate "2024.11.23"]
[EventType "team-tourn"]
[EventCountry "ENG"]
[SourceTitle "playchess.com"]
[Source "ChessBase"]
[SourceQuality "1"]
[TimeControl "40/6000+30:3000+30"]

1. d4 Nf6 2. c4 e6 3. Nc3 Bb4 4. e3 O-O 5. Bd3 d5 6. a3 Be7 7. Nf3 dxc4 8. Bxc4 c5 9. O-O a6 10. dxc5 Qxd1 11. Rxd1 Bxc5 12. b4 Be7 13. Bb2 b5 14. Bf1 Bb7 15. Nd4 Nc6 16. Nxc6 Bxc6 17. Ne2 Rfc8 18. Rac1 Bd5 19. Nd4 Bc4 20. Be2 Rab8 21. h3 h6 22. Bf1 Nd5 23. Ne2 f6 24. Nd4 Kf7 25. g4 Rc7 26. Bg2 Rbc8 27. Be4 Nb6 28. Bc2 g6 29. Bb3 e5 30. Bc2 exd4 31. Bxd4 Nd7 32. Be4 Be6 33. Bb2 Rxc1 34. Rxc1 Rxc1+ 35. Bxc1 Nb6 36. f4 Bd5 37. Bd3 g5 38. e4 Bc4 39. Bc2 Nd7 40. Kf2 Bd8 41. Bd2 Bb6+ 42. Kg2 Bd4 43. a4 Kg7 44. axb5 axb5 45. Kg3 gxf4+ 46. Bxf4 Be5 47. h4 Kg6 48. Kf3 Nf8 49. Be3 Ne6 50. Bb1 Kg7 51. Kf2 Nf4 52. Bd2 Ng6 53. g5 fxg5 54. hxg5 h5 55. Bc2 h4 56. Bd1 Bg3+ 57. Kf3 Bf1 58. Bc3+ Ne5+ 59. Ke3 Kg6 60. Bxe5 Bxe5 61. Kf2 Bc4 62. Bg4 Kxg5 63. Bf5 Kf4 64. Kg2 Bd6 65. Kh3 Be7 66. Bg6 Bd3 67. Bh5 Bxe4 68. Be2 Bf5+ 69. Kh2 Bd7 70. Bf1 Bxb4 0-1